 Dungeon Crawl Stone Soup version 0.17-a0-1719-g1afd5a1 (webtiles) character file.

92 kae the Slasher (level 4, -1/39 HPs)
             Began as a Minotaur Fighter on Aug 28, 2015.
             Slain by an orc
             ... wielding a +0 trident
              (3 damage)
             ... on level 3 of the Dungeon.
             The game lasted 00:00:46 (1091 turns).

kae the Slasher (Minotaur Fighter)                  Turns: 1091, Time: 00:00:46

Health: -1/39      AC:  6    Str: 20    XL:     4   Next: 35%
Magic:  3/3        EV:  2    Int:  6    God:
Gold:   40         SH:  9    Dex: 10    Spells: 0 memorised, 3 levels left

rFire  . . .     SeeInvis .     a - +0 long sword
rCold  . . .     Clarity  .     b - +0 scale mail
rNeg   . . .     SustAt   .     c - +0 shield
rPois  .         Gourm    .     (helmet restricted)
rElec  .         Spirit   .     (no cloak)
rCorr  .         Warding  .     (no gloves)
rMut   .         Stasis   .     (no boots)
MR     .....                    (no amulet)
Stlth  ..........               (no ring)
                                (no ring)

@: not resistant to hostile enchantments, extremely unstealthy
A: retaliatory headbutt, horns 2
a: no special abilities


You were on level 3 of the Dungeon.
You were not hungry.

You visited 1 branch of the dungeon, and saw 3 of its levels.

You collected 40 gold pieces.

Inventory:

Hand weapons
 a - a +0 long sword (weapon)
Armour
 b - a +0 scale mail (worn)
 c - a +0 shield (worn)
Jewellery
 f - an uncursed ring of protection from magic {unknown}
 o - an uncursed ring of ice {unknown}
Scrolls
 g - 2 scrolls of enchant armour {unknown}
 h - a scroll of teleportation {unknown}
 j - a scroll of fog {unknown}
 k - a scroll of identify {unknown}
 m - a scroll of amnesia {unknown}
 n - 2 scrolls of magic mapping {unknown}
Potions
 d - a potion of might
 l - a potion of degeneration {unknown}
 q - a potion of heal wounds {unknown}
 s - a potion of ambrosia {unknown}
Comestibles
 e - a bread ration
 i - a beef jerky
 p - 4 fruits
 r - a meat ration


   Skills:
 - Level 3.6 Fighting
 + Level 5.6 Long Blades
 - Level 3.6 Armour
 - Level 3.6 Shields


You had 3 spell levels left.
You didn't know any spells.

Dungeon Overview and Level Annotations

Branches:
Dungeon (3/15)

Altars:


Innate Abilities, Weirdness & Mutations

You reflexively headbutt those who attack you in melee.
You have a pair of horns on your head.


Message History

The orc hits you from afar with a trident.
* * * LOW HITPOINT WARNING * * *
You block the orc's attack. The orc hits you but does no damage.
The quokka bites you but does no damage.
The goblin unwields an uncursed hunting sling.
You block the goblin's attack.
A giant newt comes into view.
You are too injured to fight recklessly!
You are too injured to fight recklessly!
Unknown command.
Unknown command.
The orc hits you but does no damage.
There is a stone staircase leading up here.
Unknown command.
The quokka bites you.
* * * LOW HITPOINT WARNING * * *
The orc hits you with a flail.
* * * LOW HITPOINT WARNING * * *
The orc hits you from afar with a trident.
You die...

# ##.# .#... ##
.K.#.######.#
..........".##
#............#..
...........r....
......†o@.......
......oroo......
.......g.....l..
....>....<....#.
#...............
##...........##.
######......#
.....(...
.........


You could see 4 orcs, a quokka, a goblin, a kobold (wandering), a giant newt and
a rat.

Vanquished Creatures
  2 adders (D:2)
  3 oozes
  3 worms (D:2)
  2 orcs (D:3)
  10 bats
  8 hobgoblins (D:1)
  A jackal (D:1)
  3 kobolds (D:1)
  A ball python (D:2)
  2 giant cockroaches (D:2)
  2 giant geckos (D:2)
  2 giant newts (D:1)
  5 goblins
  4 rats
48 creatures vanquished.

Notes
Turn   | Place    | Note
--------------------------------------------------------------
     0 | D:1      | kae the Minotaur Fighter began the quest for the Orb.
     0 | D:1      | Reached XP level 1. HP: 19/19 MP: 0/0
    97 | D:1      | Reached XP level 2. HP: 26/26 MP: 1/1
   345 | D:1      | Reached skill level 4 in Long Blades
   441 | D:1      | Reached XP level 3. HP: 28/31 MP: 2/2
   757 | D:2      | Reached skill level 5 in Long Blades
   839 | D:2      | Reached XP level 4. HP: 36/39 MP: 3/3
  1091 | D:3      | Slain by an orc

Vault maps used:
D:1:      dpeg_arrival_brainrot, st_stairs_6
D:3:      lemuel_round_altar, cheibriados_altar_1

Action                   |  1- 3 |  4- 6 || total
-------------------------+-------+-------++-------
Melee: Long sword        |    89 |    20 ||   109
  Eat: Chunk             |       |     1 ||     1
